 Dungeon Crawl Stone Soup version 0.19-a0-958-gd69d43c (webtiles) character file.

48 Arkorax the Skirmisher (level 3, -5/28 HPs)
             Began as a Demonspawn Skald on July 11, 2016.
             Killed from afar by Ijyb (8 damage)
             ... with a wand of flame
             ... on level 2 of the Dungeon.
             The game lasted 00:01:54 (1494 turns).

Arkorax the Skirmisher (Demonspawn Skald)           Turns: 1494, Time: 00:01:55

Health: -5/28      AC: 14    Str: 13    XL:     3   Next: 50%
Magic:  6/6        EV:  6    Int: 13    God:
Gold:   41         SH:  0    Dex: 11    Spells: 1 memorised, 5 levels left

rFire  . . .     SeeInvis .     a - +0 hand axe
rCold  . . .     Gourm    .     n - +0 chain mail
rNeg   . . .     Faith    .     (no shield)
rPois  .         Spirit   .     j - +2 hat
rElec  .         Dismiss  .     (no cloak)
rCorr  .         Reflect  .     (no gloves)
SustAt .         Harm     .     (no boots)
MR     .....                    (no amulet)
Stlth  ..........               (no ring)
                                (no ring)

@: not resistant to hostile enchantments, extremely unstealthy
A: rough black scales 1, powered by pain 1
a: no special abilities


You were on level 2 of the Dungeon.
You were not hungry.

You visited 1 branch of the dungeon, and saw 2 of its levels.

You collected 41 gold pieces.

Inventory:

Hand Weapons
 a - a +0 hand axe (weapon)
Armour
 b - a +0 leather armour
 h - a +0 helmet
 j - a +2 hat (worn)
 n - a +0 chain mail (worn)
Jewellery
 f - an uncursed ring of fire
Scrolls
 d - a scroll of enchant armour {unknown}
 g - a scroll of enchant weapon {unknown}
 i - 4 scrolls of magic mapping {unknown}
 k - 2 scrolls of noise {unknown}
 o - a scroll of teleportation {unknown}
 p - a scroll of identify {unknown}
 r - a scroll of fear {unknown}
Potions
 e - a potion of degeneration {unknown}
 l - a potion of curing {unknown}
 m - a potion of brilliance {unknown}
 q - a potion of ambrosia {unknown}
Books
 c - a book of Battle

   Spells                             Type                      Level
   a - Infusion                       Charms                       1
   b - Shroud of Golubria             Charms/Translocation         2
   c - Song of Slaying                Charms                       2
   d - Spectral Weapon                Hexes/Charms                 3
   e - Regeneration                   Charms/Necromancy            3
Comestibles
 s - a bread ration


   Skills:
 + Level 2.8 Fighting
 + Level 2.5 Axes
 + Level 1.7 Armour
 - Level 0.8 Dodging
 - Level 2.0 Spellcasting
 - Level 2.6 Charms


You had 5 spell levels left.
You knew the following spells:

 Your Spells              Type           Power        Failure   Level  Hunger
a - Infusion              Chrm           #...         100%        1    ##.....


Dungeon Overview and Level Annotations

Branches:
Dungeon (2/15)

Altars:

Annotations:
D:2 Ijyb


Innate Abilities, Weirdness & Mutations

You are partially covered in rough black scales. (AC +4, Dex -1)
You sometimes gain a little power by taking damage.


Message History

The worm is heavily wounded.
You miss the giant newt. You hit the worm but do no damage.
The worm bites you but does no damage.
The giant newt bites you but does no damage.
Unknown command.
Unknown command.
Your chain mail prevents you from hitting the worm.
The worm is heavily wounded.
You hit the worm but do no damage. You miss the giant newt.
The giant newt bites you but does no damage.
The worm bites you.
Ijyb zaps a wand.
The puff of flame hits you!
* * * LOW HITPOINT WARNING * * *
The worm bites you but does no damage.
Unknown command.
Ijyb screams, "You nasty!
Big nasty!"
Ijyb zaps a wand.
The puff of flame hits you!
Found 9 gold pieces.
Found a scroll labeled MOFOYKH ZOXILO.
Ijyb zaps a wand.
The puff of flame hits you!
You die...

#...$ ### ##... ..#
#...# ### #.# #...#
###. ...#.#
#...#####.... #.#.#
#..g....g<...
#..####...###......
##.....w...........
#.@.lw.............
#.#..#######'###### ..
#### ♣♣♣.♣♣♣ .?.
♣♣.....♣♣ ##.
♣♣.......♣♣ #
♣♣.........♣♣
♣...♣♣.♣♣...♣
#########♣...♣...♣...♣
#.......#♣......[....♣


You could see Ijyb, 2 worms and a giant newt.

Vanquished Creatures
  An adder (D:2)
  An ooze (D:1)
  2 dart slugs (D:1)
  A giant gecko (D:2)
  6 bats
  2 giant cockroaches
  5 hobgoblins
  2 giant newts
  4 goblins
  4 kobolds (D:1)
28 creatures vanquished.

Notes
Turn   | Place    | Note
-------+----------+-------------------------------------------
     0 | D:1      | Arkorax the Demonspawn Skald began the quest for the Orb.
     0 | D:1      | Reached XP level 1. HP: 16/16 MP: 3/3
    10 | D:1      | Reached skill level 1 in Armour
   260 | D:1      | Gained mutation: You sometimes gain a little power by taking damage. [demonic ancestry]
   260 | D:1      | Reached XP level 2. HP: 22/22 MP: 5/5
   849 | D:1      | Gained mutation: You are partially covered in rough black scales. (AC +4, Dex -1) [demonic ancestry]
   849 | D:1      | Reached XP level 3. HP: 5/28 MP: 6/6
  1484 | D:2      | Noticed Ijyb
  1494 | D:2      | Killed from afar by Ijyb

Vault maps used:
D:1:      dpeg_arrival_tiny_c
D:2:      first_bread, serial_park_tiny_2, kennysheep_generic_room_2, uniq_iyjb

Skill      XL: |  1 |
---------------+----+-----
Armour         | 1 |  1.7
Axes           | 2 |  2.5
Fighting       | |  2.8
Dodging        | |  0.8
Spellcasting   | |  2.0
Charms         | |  2.6

Action                   || total
-------------------------++-------
Melee: Hand axe          ||   138
  Use: Scroll            ||     1
  Eat: Bread ration      ||     1
Armor: Leather armour    ||    36
       Chain mail        ||    28
Dodge: Dodged            ||    85
